 Dungeon Crawl Stone Soup version 0.29.0-13-gc9e81de378 (webtiles) character file.

Game seed: 9362886464306744871

23 ILmort the Conjurer (level 2, -1/20 HPs)
             Began as a Draconian Conjurer on Sept 10, 2022.
             Slain by Sigmund
             ... wielding a +2 vorpal scythe
              (2 damage)
             ... on level 2 of the Dungeon.
             The game lasted 00:03:21 (964 turns).

ILmort the Conjurer (Draconian Conjurer)             Turns: 964, Time: 00:03:22

Health: -1/20      AC:  4    Str:  9    XL:     2   Next: 75%
Magic:  5/5        EV: 11    Int: 18    God:
Gold:   33         SH:  3    Dex:  9    Spells: 4/5 levels left

rFire   . . .      SeeInvis .   k - +0 dagger
rCold   . . .      Faith    .   e - +0 buckler
rNeg    . . .      Spirit   .   (body armour unavailable)
rPois   .          Reflect  .   (helmet restricted)
rElec   .          Harm     .   (no cloak)
rCorr   .          Rampage  .   (no gloves)
Will    .....                   (no boots)
Stlth   ++........              (no amulet)
HPRegen 0.06/turn               (no ring)
MPRegen 0.09/turn               (no ring)

@: no status effects
A: AC +4, unfitting armour, cold-blooded
a: no special abilities


You were on level 2 of the Dungeon.
You visited 1 branch of the dungeon, and saw 2 of its levels.

You collected 33 gold pieces.

Inventory:

Hand Weapons
 c - a +0 club
 k - a +0 dagger (weapon)
Armour
 e - a +0 buckler (worn)
Scrolls
 b - a scroll of teleportation {unknown}
 h - a scroll of noise {unknown}
 i - a scroll of brand weapon {unknown}
Potions
 a - a potion of magic
 d - 2 potions of lignification {unknown}
 f - 2 potions of heal wounds {unknown}
 g - a potion of attraction {unknown}
 j - a potion of curing {unknown}


   Skills:
 - Level 1.7 Dodging
 - Level 1.7 Stealth
 + Level 1.2 Shields
 - Level 2.0 Spellcasting
 + Level 4.6 Conjurations


You had 4 spell levels left.
You knew the following spells:

 Your Spells              Type           Power      Damage    Failure   Level
a - Magic Dart            Conj           72%        1d6       3%          1

Your spell library contained the following spells:

 Spells                   Type           Power      Damage    Failure   Level
 Searing Ray              Conj           36%        2d5       5%          2
 Dazzling Flash           Conj/Hex       20%        N/A       28%         3
 Fulminant Prism          Conj/Hex       5%         3d7       67%         4
 Iskenderun's Mystic Bla  Conj/Tloc      10%        2d4       67%         4


Dungeon Overview and Level Annotations

Branches:
Dungeon (2/15)

Altars:

Annotations:
D:2 Sigmund


Innate Abilities, Weirdness & Mutations

Your plain brown scales are hard. (AC +4)
You cannot fit into any form of body armour.
You are cold-blooded and may be slowed by cold attacks.


Message History

You block the jackal's attack. The jackal misses you.
You hit the jackal. The jackal completely misses you. The jackal bites you.
The jackal barely misses you.
You hit the jackal. The jackal closely misses you. The jackal bites you.
You miss the jackal. The jackal bites you. The jackal barely misses you.
The jackal bites you but does no damage.
The jackal bites you.
You closely miss the jackal. The jackal barely misses you.
The jackal bites you but does no damage.
The jackal bites you. x2
* * * LOW HITPOINT WARNING * * *
The jackal bites you.
* * * LOW HITPOINT WARNING * * *
You block the jackal's attack.
You climb downwards.
Level annotation: Sigmund
There is a stone staircase leading up here.
You hit the jackal.
Your tail-slap misses the jackal.
The jackal closely misses you.
You hit the jackal but do no damage.
You tail-slap the jackal, but do no damage.
The jackal bites you but does no damage.
The jackal barely misses you.
You closely miss the jackal.
The jackal bites you but does no damage.
You closely miss the jackal. The jackal misses you.
You hit the jackal but do no damage. The jackal bites you.
* * * LOW HITPOINT WARNING * * *
The jackal barely misses you.
You hit the jackal. You block the jackal's attack.
You hit the jackal.
You kill the jackal!
You hit the jackal. You tail-slap the jackal.
The jackal bites you but does no damage.
Sigmund closely misses you.
The jackal bites you but does no damage.
The jackal bites you but does no damage.
Sigmund hits you from afar with a +2 vorpal scythe.
* * * LOW HITPOINT WARNING * * *
You die...

######..#
.....?.!# #
........#####.#
..............[
..............#
#......(.#
......##@#
..... #h# ....
#@# ... ### @.
.


You could see Sigmund and a jackal.

Vanquished Creatures
  2 dart slugs (D:1)
  2 ball pythons (D:1)
  4 bats (D:1)
  2 goblins
  2 hobgoblins (D:1)
  2 jackals (D:2)
  A quokka (D:1)
  A kobold (D:1)
  A rat (D:1)
17 creatures vanquished.

Vanquished Creatures (others)
  3 toadstools (D:2)
3 creatures vanquished.

Grand Total: 20 creatures vanquished

Notes
Turn   | Place    | Note
-------+----------+-------------------------------------------
     0 | D:1      | ILmort the Draconian Conjurer began the quest for the Orb.
     0 | D:1      | Reached XP level 1. HP: 14/14 MP: 3/3
   281 | D:1      | Reached XP level 2. HP: 18/20 MP: 0/5
   642 | D:1      | Reached skill level 1 in Shields
   940 | D:2      | Noticed Sigmund
   964 | D:2      | HP: 1/20 [Sigmund/+2 vorpal scythe (4)]
   964 | D:2      | Slain by Sigmund

Illustrated notes

Levels and vault maps discovered:
D:1:      dpeg_arrival_ratfight, layout_loops_ring
D:2:      layout_basic, serial_curves, eino_curves_02, eino_curves_04,
          eino_curves_01, eino_curves_04,
          hellmonk_ecumenical_altar_heavens_door, minmay_gold_behind_fungi,
          reono_crystal_passage, uniq_sigmund

Skill      XL: |  1  2 |
---------------+-------+-----
Shields        | 1 |  1.2
Dodging        | |  1.7
Stealth        | |  1.7
Spellcasting   | |  2.0
Conjurations   | |  4.6

Action                   || total
-------------------------++-------
Melee: Club              ||    16
       Dagger            ||    15
       Tailslap          ||     3
 Cast: Magic Dart        ||    32
Armor: Skin              ||    29
Dodge: Dodged            ||    33
Block: Buckler           ||     9
